 Dungeon Crawl Stone Soup version 0.31-a0-818-ge7c7cf74f0 (webtiles) character file.

Game seed: 2047758889167035986

170 Danienth the Sneak (level 5, -1/27 HPs)
             Began as a Vine Stalker Brigand on Sept 22, 2023.
             Was a Believer of Fedhas.
             Slain by an orc
             ... wielding a +0 falchion
              (3 damage)
             ... on level 4 of the Dungeon.
             The game lasted 00:06:30 (1393 turns).

Danienth the Sneak (Vine Stalker Brigand)           Turns: 1393, Time: 00:06:32

Health: -1/27      AC:  3    Str: 14    XL:     5   Next: 51%
Magic:  0/6        EV: 11    Int: 11    God:    Fedhas [**....]
Gold:   200        SH:  0    Dex: 17    Spells: 4/4 levels left

rFire   . . .        a - +2 dagger
rCold   . . .        (no shield)
rNeg    . . .        b - +0 robe
rPois   .            (no helmet)
rElec   .            c - +0 cloak
rCorr   .            (no gloves)
SInv    .            (no boots)
Will    .....        (no amulet)
Stlth   ++++         (no ring)
HPRegen 1.04/turn    (no ring)
MPRegen 0.10/turn

%: guardian spirit
@: mighty
A: fangs 2, regeneration 1, magic shield, antimagic bite, no potion heal 2
a: Renounce Religion, Wall of Briars


You were on level 4 of the Dungeon.
You worshipped Fedhas.
Fedhas was pleased with you.
You visited 1 branch of the dungeon, and saw 4 of its levels.

You collected 200 gold pieces.

Inventory:

Hand Weapons
 a - a +2 dagger (weapon)
Missiles
 d - 6 poisoned darts (quivered)
 e - 3 curare-tipped darts
Armour
 b - a +0 robe (worn)
 c - a +0 cloak (worn)
 l - a +1 helmet
 w - a +0 pair of gloves
Talismans
 h - a maw talisman
Wands
 s - a wand of paralysis (6)
 u - a wand of digging (2)
Scrolls
 f - 3 scrolls of immolation
 g - a scroll of blinking {unknown}
 j - 2 scrolls of identify {unknown}
 m - 2 scrolls of fear {unknown}
 n - a scroll of silence {unknown}
 q - a scroll of fog {unknown}
 t - a scroll of noise {unknown}
 v - a scroll of enchant weapon {unknown}
Potions
 i - a potion of lignification {unknown}
 k - a potion of curing {unknown}
 o - a potion of heal wounds {unknown}
 p - a potion of haste {unknown}
 r - a potion of might


   Skills:
 + Level 2.4 Fighting
 * Level 2.4 Short Blades
 - Level 1.7 Throwing
 - Level 0.7 Dodging
 - Level 7.6 Stealth


You had 4 spell levels left.
You didn't know any spells.
Your spell library contained the following spells:

 Spells                   Type           Power      Damage    Failure   Level
 Apportation              Tloc           0%         N/A       34%         1
 Necrotise                Necr           0%         1d4       34%         1
 Summon Small Mammal      Summ           0%         N/A       34%         1


Dungeon Overview and Level Annotations

Branches:
Dungeon (4/15)
 Temple: D:4-7

Altars:
Fedhas
Zin

Shops:
D:3 (

Annotations:
D:3 Jessica, Robin


Innate Abilities, Weirdness & Mutations

You have extremely sharp teeth.
Your natural rate of healing is unusually fast.
When hurt, damage is shared between your health and your magic reserves.
Your bite disrupts and absorbs the magic of your enemies.
Potions cannot restore your health.


Message History

You hit the orc.
The orc is almost dead.
The orc hits you but does no damage. The orc closely misses you.
The orc hits you with a +0 mace.
You are too injured to fight recklessly!
Hit: a) +2 dagger
Press: ? - help, Dir - move target, f - orc
Aim: an orc, wielding a +0 flail (almost dead, about 32% to evade your +2 dagger)
You closely miss the orc. You bite the orc.
You kill the orc!
Fedhas appreciates your contribution to the ecosystem.
The orc hits you with a +0 falchion.
* * * LOW HITPOINT WARNING * * *
The orc barely misses you.
Okay, then.
It was a potion of might.
You feel very mighty all of a sudden. The orc barely misses you.
The orc hits you with a +0 mace.
* * * LOW HITPOINT WARNING * * *
Hit: a) +2 dagger
Press: ? - help, Dir - move target, f - orc
Aim: an orc, wielding a +0 mace (about 32% to evade your +2 dagger)
You hit the orc. Your bite misses the orc.
The orc is almost dead.
The orc hits you but does no damage. The orc hits you with a +0 mace.
* * * LOW HITPOINT WARNING * * *
Hit: a) +2 dagger
Press: ? - help, Dir - move target, f/p - orc
Aim: an orc, wielding a +0 mace (almost dead, about 32% to evade your +2 dagger)
You puncture the orc!
You kill the orc!
Fedhas appreciates your contribution to the ecosystem.
The orc hits you with a +0 falchion.
* * * LOW HITPOINT WARNING * * *
Hit: a) +2 dagger
Press: ? - help, Dir - move target, f - orc
Aim: an orc, wielding a +0 falchion and wearing a +0 leather armour (about 32% to evade your +2 dagger)
You closely miss the orc. The orc hits you with a +0 falchion.
You die...
Fedhas appreciates your contribution to the ecosystem.

##...### ..$...#
#...#.# #.$.#.#
##...#.####
#..$.......
#.))o..#
#.†@...#
#.##.####.#
#.......#.###
..........†.#
#...#.##.###.#
#.
#.#.##.###.### #
..###.........#
###.#.##.##.##.#
#.# #.# #


You could see an orc.

Vanquished Creatures
  An iguana (D:4)
  Ijyb (D:3)
  4 adders
  2 worms (D:2)
  2 dart slugs
  2 orcs (D:4)
  4 ball pythons
  2 bats
  7 endoplasms
  2 giant cockroaches
  11 goblins
  11 hobgoblins
  4 kobolds
  5 quokkas
  A frilled lizard (D:1)
  7 rats
66 creatures vanquished.

Vanquished Creatures (others)
  A goblin (D:2)
1 creature vanquished.

Grand Total: 67 creatures vanquished

Notes
Turn   | Place    | Note
-------+----------+-------------------------------------------
     0 | D:1      | Danienth the Vine Stalker Brigand began the quest for the
                  | Orb.
     0 | D:1      | Reached XP level 1. HP: 11/11 MP: 2/2
    26 | D:1      | Reached skill level 5 in Stealth
    92 | D:1      | Reached XP level 2. HP: 15/15 MP: 3/3
   145 | D:1      | Found a faded altar of an unknown god.
   184 | D:1      | Prayed at the altar of an unknown god.
   184 | D:1      | Became a worshipper of Fedhas Madash
   184 | D:1      | Reached * piety under Fedhas
   463 | D:2      | Reached skill level 6 in Stealth
   463 | D:2      | Reached XP level 3. HP: 17/18 MP: 2/4
   660 | D:2      | Found a glowing silver altar of Zin.
   686 | D:2      | Reached ** piety under Fedhas
   687 | D:2      | Reached XP level 4. HP: 19/23 MP: 5/5
   890 | D:2      | Reached skill level 7 in Stealth
  1034 | D:3      | Found Liako's Weapon Boutique.
  1136 | D:3      | Noticed Ijyb
  1156 | D:3      | Killed Ijyb
  1254 | D:3      | Noticed Robin
  1260 | D:3      | Reached XP level 5. HP: 24/26 MP: 6/6
  1267 | D:3      | Noticed Jessica
  1391 | D:4      | HP: 1/27 [orc/+0 mace (4)]
  1393 | D:4      | Slain by an orc

Illustrated notes

Levels and vault maps discovered:
D:1:      minmay_arrival_shoal_huts, layout_rooms, ebering_ecumenical_altar_mist
D:2:      layout_basic, basic_altar
D:3:      layout_basic, serial_shops, shop, uniq_jessica, uniq_robin,
          uniq_crazy_yiuf_cottage, uniq_ijyb
D:4:      layout_loops_ring, grunt_gozag_breadcrumbs, dreamdust_gnoll_farm,
          uniq_duvessa

Skill      XL: |  1  2  3  4  5 |
---------------+----------------+-----
Stealth        | 5 6 7 |  7.6
Fighting       | 2 |  2.4
Short Blades   | 2 |  2.4
Throwing       | |  1.7
Dodging        | |  0.7

Action                     |  1- 3 |  4- 6 || total
---------------------------+-------+-------++-------
  Melee: Dagger            |    75 |    82 ||   157
         Bite              |    17 |    23 ||    40
         Punch             |       |     2 ||     2
  Throw: Dart              |       |     3 ||     3
    Use: Scroll            |     1 |       ||     1
         Potion            |       |     1 ||     1
   Stab: Sleeping          |    12 |    10 ||    22
 Armour: Robe              |    31 |    74 ||   105
  Dodge: Dodged            |    38 |    41 ||    79

Table legend: (Time is in decaauts)
 A = Elapsed time spent in this place.
 B = Non-inter-level travel time spent in this place.
 C = Inter-level travel time spent in this place.
 D = Time resting spent in this place.
 E = Time spent auto-exploring this place.
 F = Levels seen in this place.
 G = Mean time per level.
                   A        B        C        D        E       F      G
               +--------+--------+--------+--------+--------+-----+--------+
         Total |   1380 |   1142 |    238 |      0 |    743 |   4 |  345.0 |
       Dungeon |   1380 |   1142 |    238 |      0 |    743 |   4 |  345.0 |
               +--------+--------+--------+--------+--------+-----+--------+

Top non-repeatable levels by time:
     D:1: 526 daAuts
     D:2: 453 daAuts
     D:3: 280 daAuts
     D:4: 119 daAuts
